 Dungeon Crawl Stone Soup version 0.22-b1-21-g5cfc168 (webtiles) character file.

57 letownia2 the Insei (level 3, 0/26 HPs)
             Began as a Demonspawn Transmuter on Aug 5, 2018.
             Slain by a hobgoblin
             ... wielding a +0 club
              (3 damage)
             ... on level 1 of the Dungeon.
             The game lasted 00:03:18 (652 turns).

letownia2 the Insei (Demonspawn Transmuter)          Turns: 652, Time: 00:03:19

Health: 0/26       AC:  2    Str: 11    XL:     3   Next: 73%
Magic:  5/6        EV: 12    Int: 14    God:
Gold:   36         SH:  0    Dex: 13    Spells: 0/6 levels left

rFire    . . .     SeeInvis .     - Unarmed
rCold    . . .     Gourm    .   (no shield)
rNeg     . . .     Faith    .   b - +0 robe
rPois    .         Spirit   .   (no helmet)
rElec    .         Reflect  .   (no cloak)
rCorr    .         Harm     .   (no gloves)
MR       .....                  (no boots)
Stlth    +.........             (no amulet)
HPRegen  0.08/turn              (no ring)
MPRegen  0.10/turn              (no ring)

@: appendage
A: horns 2, talons 1, demonic guardian 1
a: End Transformation


You were on level 1 of the Dungeon.
You were not hungry.
You had grown temporary horns.
You visited 1 branch of the dungeon, and saw 2 of its levels.

You collected 36 gold pieces.

Inventory:

Missiles
 a - 12 arrows
Armour
 b - a +0 robe (worn)
 i - a cursed +0 chain mail
Jewellery
 j - an uncursed ring of poison resistance {unknown}
Scrolls
 c - 3 scrolls of identify {unknown}
 f - 4 scrolls of remove curse {unknown}
 h - 3 scrolls of blinking {unknown}
 k - a scroll of magic mapping {unknown}
Potions
 e - 3 potions of resistance {unknown}
 g - a potion of might {unknown}
Comestibles
 d - a ration


   Skills:
 - Level 1.0 Fighting
 - Level 1.7 Dodging
 + Level 4.3 Unarmed Combat
 - Level 2.0 Spellcasting
 - Level 1.7 Transmutations


You couldn't memorise any spells.
You knew the following spells:

 Your Spells              Type           Power        Failure   Level  Hunger
a - Beastly Appendage     Tmut           #.....       12%         1    ##.....
l - Sticks to Snakes      Tmut           #.......     17%         2    ###....
p - Spider Form           Tmut/Pois      #.........   45%         3    ####...

Your spell library contained the following spells:

 Spells                   Type           Power        Failure   Level  Hunger
 Blade Hands              Tmut           #.........   97%         5    ######.
 Ice Form                 Ice/Tmut       #.......     86%         4    #####..


Dungeon Overview and Level Annotations

Branches:
Dungeon (2/15)

Altars:


Innate Abilities, Weirdness & Mutations

You have sharp toenails.
A weak demonic guardian rushes to your aid.
You have a pair of horns on your head.


Message History

The rat bites you.
* * * LOW HITPOINT WARNING * * *
You hit the rat.
You kill the rat!
You closely miss the giant cockroach. You headbutt the giant cockroach.
You kill the giant cockroach!
You see here a giant cockroach corpse.
A hobgoblin comes into view. It is wielding a club.
The hobgoblin shouts!
Found a ration.
Casting: Beastly Appendage (safe; 12% risk of failure)
Confirm with . or Enter, or press ? or * to list all spells.
You extend your transformation's duration.
You hit the hobgoblin but do no damage. The hobgoblin hits you with a club.
* * * LOW HITPOINT WARNING * * *
You barely miss the hobgoblin. The hobgoblin misses you.
You barely miss the hobgoblin. You headbutt the hobgoblin.
The hobgoblin is moderately wounded.
The hobgoblin hits you with a club.
You die...

###.### .# ....... .#####
###..#...#.#... #.....#.#....# #.
#............#
##.##....##....#.###
.........##.........
#..........@..#%##
###..#.##†##.#g.#
....#..##.##.#....##########
######..........######....#...###
.......#......### ##...........#
#.......#.....# ##...#..<..#.
##........# ##)..###...##
###......#.# ##...## #####
#.##.....#.##.###..)## #...#


You could see a hobgoblin.

Vanquished Creatures
  3 leopard geckos
  A giant cockroach (D:1)
  8 goblins
  6 hobgoblins
  3 jackals (D:2)
  2 bats (D:1)
  4 frilled lizards (D:1)
  2 kobolds
  4 rats
33 creatures vanquished.

Vanquished Creatures (collateral kills)
  Natasha (D:2)
1 creature vanquished.

Grand Total: 34 creatures vanquished

Notes
Turn   | Place    | Note
-------+----------+-------------------------------------------
     0 | D:1      | letownia2 the Demonspawn Transmuter began the quest for the Orb.
     0 | D:1      | Reached XP level 1. HP: 15/15 MP: 3/3
    51 | D:1      | Reached skill level 3 in Unarmed Combat
    96 | D:1      | Gained mutation: You have sharp toenails. [demonic ancestry]
    96 | D:1      | Reached XP level 2. HP: 15/21 MP: 3/5
   270 | D:1      | Learned a level 2 spell: Sticks to Snakes
   313 | D:2      | Gained mutation: A weak demonic guardian rushes to your aid. [demonic ancestry]
   313 | D:2      | Reached XP level 3. HP: 7/26 MP: 6/6
   318 | D:2      | Learned a level 3 spell: Spider Form
   575 | D:2      | Noticed Natasha
   581 | D:2      | Reached skill level 4 in Unarmed Combat
   583 | D:2      | Killed Natasha
   652 | D:1      | Slain by a hobgoblin

Skill      XL: |  1  2  3 |
---------------+----------+-----
Unarmed Combat | 3 4 |  4.3
Fighting       | |  1.0
Dodging        | |  1.7
Spellcasting   | |  2.0
Transmutations | |  1.7

Action                   || total
-------------------------++-------
Melee: Unarmed           ||    82
       Headbutt          ||    12
       Kick              ||    18
 Cast: Beastly Appendage ||    18
Armor: Robe              ||    13
Dodge: Dodged            ||    29
